Map: Void Training Stage 1

Players

Winthrowe - Winner!

  • Race: Terran Terran
  • League: Silver
  • Spawn Location: 11:00

Player 2

  • Race: Zerg Zerg
  • Spawn Location: 5:00

VOD

Have the link to the VOD?

Description

Time

  • Played on: Aug. 19, 2017, 12:10 p.m.
  • Length: 10:14
Show
View Real Time Build Order
Export as new Build Order

Winthrowe Terran - Winner!

Build Orders: MMM Bio 

Get SALT Encoding   

  12  0:01  SCV  
  13  0:18  SCV  
  14  0:22  Supply Depot  
  14  0:30  SCV, Refinery  
  15  0:44  SCV  
  15  0:48  Barracks  
  16  0:56  SCV  
  17  1:04  Refinery  
  17  1:08  SCV  
  18  1:20  SCV  
  19  1:30  Supply Depot  
  19  1:35  Orbital Command  
  19  1:57  Supply Depot  
  19  2:01  Barracks Reactor  
  19  2:02  SCV  
  20  2:26  SCV  
  20  2:29  Command Center  
  21  2:51  Barracks  
  21  2:52  Marine  
  21  2:53  Marine  
  23  3:02  SCV  
  24  3:10  Marine x2  
  26  3:14  SCV  
  27  3:26  SCV  
  28  3:28  Marine x2  
  30  3:42  Barracks Tech Lab  
  30  3:46  Marine  
  31  3:49  SCV  
  31  3:50  SCV  
  31  3:53  Refinery  
  33  4:01  SCV  
  33  4:02  SCV  
  35  4:05  Marauder  
  35  4:08  Marine x2  
  39  4:13  SCV  
  39  4:14  SCV  
  41  4:19  Refinery  
  41  4:25  SCV  
  41  4:26  SCV, Marauder  
  45  4:35  Supply Depot  
  45  4:38  SCV x2  
  47  4:50  SCV x2  
  47  4:52  Marauder  
  51  4:53  Marine x2  
  53  5:02  SCV x2  
  53  5:05  Supply Depot  
  55  5:13  Marauder  
  57  5:14  SCV x2  
  57  5:19  Stimpack  
  59  5:28  Supply Depot  
  59  5:29  SCV x2  
  59  5:35  Marauder  
  63  5:43  Marine  
  63  5:44  Marine  
  63  5:49  SCV  
  66  5:50  Supply Depot, SCV  
  66  5:56  Marauder  
  69  6:01  Marine x2  
  71  6:14  Supply Depot  
  71  6:17  Marauder  
  73  6:19  Marine x2  
  73  6:22  Barracks  
  75  6:38  Reaper x2  
  75  6:39  Marauder  
  79  6:41  Supply Depot  
  79  7:00  Marauder  
  81  7:04  Supply Depot  
  81  7:10  Reaper x2  
  81  7:13  Barracks Reactor  
  83  7:19  Combat Shields  
  83  7:21  Marauder  
  85  7:27  Supply Depot  
  85  7:42  Reaper x2  
  85  7:43  Marauder  
  89  7:46  Command Center  
  89  7:49  Marine x2  
  89  7:51  Supply Depot  
  91  8:04  Marauder  
  93  8:07  Marine x2  
  95  8:14  Marine, Supply Depot, Reaper  
  97  8:25  Marine x2  
  97  8:26  Marauder  
  101  8:32  Reaper  
  102  8:36  Supply Depot  
  102  8:38  Concussive Shells  
  102  8:42  Marine  
  102  8:43  Marine  
  102  8:46  Reaper, Unknown  
  102  8:47  Reaper  
  105  8:59  Supply Depot  
  105  9:01  Reaper x2  
  107  9:04  Marine  
  108  9:18  Marine  
  108  9:19  Marauder  
  108  9:22  Reaper  
  112  9:33  Reaper x2  
  112  9:36  Reaper  
  114  9:41  Marauder  
  114  9:43  Unknown  
Show
View Real Time Build Order
Export as new Build Order

Player 2 Zerg 

Build Orders: Pool First 

Get SALT Encoding   

  12  0:00  Drone  
  13  0:12  Overlord  
  13  0:17  Drone  
  14  0:36  Spawning Pool  
  14  0:37  Extractor  
  14  0:39  Drone  
  13  0:46  Drone  
  14  0:51  Overlord  
  14  1:22  Zergling x2  
  14  1:25  Queen  
  17  1:29  Roach Warren  
  16  1:32  Extractor  
  16  1:35  Drone  
  17  1:40  Zergling x2  
  17  1:42  Drone  
  18  1:56  Drone  
  18  1:57  Zergling x2  
  20  2:07  Drone  
  21  2:18  Drone  
  22  2:28  Drone  
  23  2:31  Overlord  
  23  2:36  Drone  
  24  2:43  Drone  
  25  5:40  Lair, Roach, Drone  
  25  5:41  Overlord  
  28  5:47  Drone  
  29  5:55  Drone  
  30  6:00  Hatchery  
  30  6:02  Drone  
  30  6:09  Drone  
  28  6:16  Drone  
  29  6:25  Roach  
  31  6:38  Overseer  
  31  6:41  Overseer  
  31  7:09  Roach  
  31  7:13  Drone  
  34  7:20  Drone  
  35  7:25  Extractor  
  35  7:26  Extractor  
  35  7:27  Drone  
  34  7:34  Drone  
  35  7:41  Drone  
  36  7:48  Drone  
  37  7:56  Drone  
  38  8:03  Drone  
  39  8:10  Drone  
  40  8:17  Drone  
  41  8:24  Drone  
  42  8:32  Drone  
  43  8:39  Drone  
  44  8:46  Overlord, Zergling x2, Drone  
  44  8:53  Overseer  
  44  8:54  Drone  
  41  9:05  Overlord, Drone  
  39  9:12  Drone  
  39  9:15  Zergling x2  
  41  9:19  Drone  
  41  9:24  Overlord  
  42  9:27  Drone  
  41  9:34  Drone  
  40  9:41  Drone  
  40  9:42  Overlord  
  38  9:48  Zergling x2  
  38  9:50  Drone  
  32  9:58  Drone  
Tags
 
Composition
MMM Bio
League
Silver
Matchup
TvZ
Opening
Pool First
Spawn Locations
Cross Positions
Add a new tag
Caveats
  • Supply blocks, unpowered buildings, or Contaminate may cause inaccurate times.
  • Supply counts are checked every 10 seconds.